APL (24 & UNDER)
SCOTTSDALE SCORPIONS @ KENOSHA KINGFISH
09/25/2030
 
TOP OF THE 1ST
Scottsdale Scorpions batting - Pitching for Kenosha Kingfish : RHP Raúl Cruz
Pitching: RHP Raúl Cruz
Batting: RHB Manny Moreno 0-0: Ball
1-0: Ground out 6-3 (Groundball, 6)
Batting: RHB José Martínez 0-0: Ball
1-0: Ball
2-0: Ball
3-0: Base on Balls
Batting: RHB Phil Rowlett 0-0: Ball
José Martínez steals 2nd base
1-0: Ball
José Martínez steals 3rd base
2-0: Ball
3-0: Called Strike
3-1: Called Strike
3-2: Ground out 6-3 (Groundball, 6)
José Martínez scores
Batting: LHB Ernesto Hernández 0-0: Ball
1-0: Fly out, F7 (Flyball, 7)
Top of the 1st over - 1 run, 0 hits, 0 errors, 0 left on base; Scottsdale 1 - Kenosha 0
BOTTOM OF THE 1ST
Kenosha Kingfish batting - Pitching for Scottsdale Scorpions : RHP Javier Santos
Pitching: RHP Javier Santos
Batting: RHB Armando Arellano 0-0: Foul Ball, location: 2F
0-1: Ball
1-1: Ball
2-1: Ball
3-1: Called Strike
3-2: Foul Ball, location: 2F
3-2: Ground out 6-3 (Groundball, 6M)
Batting: LHB Pat Williams 0-0: Ball
1-0: Fly out, F8 (Flyball, 8LXD)
Batting: LHB Juan Rodríguez 0-0: Called Strike
0-1: Ball
1-1: SINGLE (Flyball, 78S)
Batting: RHB Millard Ferguson 0-0: Ball
1-0: Foul Ball, location: 2F
1-1: Ball
2-1: Foul Ball, location: 2F
2-2: Foul Ball, location: 2F
2-2: Ball
3-2: Ground out 4-3 (Groundball, 4M)
Bottom of the 1st over - 0 runs, 1 hit, 0 errors, 1 left on base; Scottsdale 1 - Kenosha 0
TOP OF THE 2ND
Scottsdale Scorpions batting - Pitching for Kenosha Kingfish : RHP Raúl Cruz
Batting: RHB Randy Banks 0-0: Ball
1-0: Called Strike
1-1: Ball
2-1: Ground out 5-3 (Groundball, 56)
Batting: RHB Rob Johnston 0-0: Ball
1-0: Ball
2-0: Foul Ball, location: 2F
2-1: Foul Ball, location: 2F
2-2: Ball
3-2: Strikes out swinging
Batting: RHB Jon Hartley 0-0: Ball
1-0: Called Strike
1-1: Foul Ball, location: 2F
1-2: Foul Ball, location: 2F
1-2: Foul Ball, location: 2F
1-2: SINGLE (Groundball, 56S) (infield hit)
Batting: RHB Jeff McQueen 0-0: Fly out, F7 (Flyball, 7LMF)
Top of the 2nd over - 0 runs, 1 hit, 0 errors, 1 left on base; Scottsdale 1 - Kenosha 0
BOTTOM OF THE 2ND
Kenosha Kingfish batting - Pitching for Scottsdale Scorpions : RHP Javier Santos
Batting: LHB Jerry Benjamin 0-0: Ball
1-0: Ball
2-0: Ball
3-0: Called Strike
3-1: Foul Ball, location: 2F
3-2: Foul Ball, location: 2F
3-2: Base on Balls
Batting: RHB Jeff Navarro 0-0: Ball
1-0: Foul Ball, location: 2F
1-1: Ball
2-1: Foul Ball, location: 2F
2-2: Grounds into double play, 4-6-3 (Groundball, 34)
Batting: RHB Juan Escalante 0-0: Foul Ball, location: 2F
0-1: Ball
1-1: Ball
2-1: Fly out, F9 (Flyball, 9)
Bottom of the 2nd over - 0 runs, 0 hits, 0 errors, 0 left on base; Scottsdale 1 - Kenosha 0
TOP OF THE 3RD
Scottsdale Scorpions batting - Pitching for Kenosha Kingfish : RHP Raúl Cruz
Batting: RHB Dave MacGruder 0-0: Called Strike
0-1: Fly out, F8 (Flyball, 78D)
Batting: RHB Manny Moreno 0-0: Called Strike
0-1: Foul Ball, location: 2F
0-2: Ball
1-2: Ball
2-2: Ball
3-2: Strikes out swinging
Batting: RHB José Martínez 0-0: Ball
1-0: Foul Ball, location: 2F
1-1: Swinging Strike
1-2: Strikes out swinging
Top of the 3rd over - 0 runs, 0 hits, 0 errors, 0 left on base; Scottsdale 1 - Kenosha 0
BOTTOM OF THE 3RD
Kenosha Kingfish batting - Pitching for Scottsdale Scorpions : RHP Javier Santos
Batting: RHB Charlie Guzmén 0-0: Ball
1-0: Ball
2-0: Called Strike
2-1: Fly out, F9 (Flyball, 9S)
Batting: RHB Thomas English 0-0: Called Strike
0-1: Called Strike
0-2: Ball
1-2: Strikes out swinging
Batting: RHB Armando Arellano 0-0: Called Strike
0-1: Called Strike
0-2: Ball
1-2: Fly out, F9 (Flyball, 89M)
Bottom of the 3rd over - 0 runs, 0 hits, 0 errors, 0 left on base; Scottsdale 1 - Kenosha 0
TOP OF THE 4TH
Scottsdale Scorpions batting - Pitching for Kenosha Kingfish : RHP Raúl Cruz
Batting: RHB Phil Rowlett 0-0: Foul Ball, location: 2F
0-1: Ball
1-1: Foul Ball, location: 2F
1-2: Foul Ball, location: 2F
1-2: Ball
2-2: Strikes out looking
Batting: LHB Ernesto Hernández 0-0: Ball
1-0: Ball
2-0: Ball
3-0: Base on Balls
Batting: RHB Randy Banks 0-0: Ball
Ernesto Hernández steals 2nd base
1-0: Ball
2-0: Ball
3-0: Base on Balls
Batting: RHB Rob Johnston 0-0: Swinging Strike
0-1: Foul Ball, location: 2F
0-2: Foul Ball, location: 2F
0-2: Strikes out swinging
Batting: RHB Jon Hartley 0-0: Ball
1-0: Ball
2-0: Called Strike
2-1: Ball
3-1: Foul Ball, location: 2F
3-2: Base on Balls
Ernesto Hernández to third
Randy Banks to second
Batting: RHB Jeff McQueen 0-0: Swinging Strike
0-1: Ball
1-1: Fly out, F8 (Flyball, 8RD)
Top of the 4th over - 0 runs, 0 hits, 0 errors, 3 left on base; Scottsdale 1 - Kenosha 0
BOTTOM OF THE 4TH
Kenosha Kingfish batting - Pitching for Scottsdale Scorpions : RHP Javier Santos
Batting: LHB Pat Williams 0-0: Called Strike
0-1: Ball
1-1: Ball
2-1: Swinging Strike
2-2: Foul Ball, location: 2F
2-2: Strikes out swinging
Batting: LHB Juan Rodríguez 0-0: Fly out, F8 (Flyball, 8LD)
Batting: RHB Millard Ferguson 0-0: Ball
1-0: Foul Ball, location: 2F
1-1: Fly out, F9 (Flyball, 9D)
Bottom of the 4th over - 0 runs, 0 hits, 0 errors, 0 left on base; Scottsdale 1 - Kenosha 0
TOP OF THE 5TH
Scottsdale Scorpions batting - Pitching for Kenosha Kingfish : RHP Raúl Cruz
Batting: RHB Dave MacGruder 0-0: Ball
1-0: Called Strike
1-1: Swinging Strike
1-2: Ball
2-2: Ball
3-2: Foul Ball, location: 2F
3-2: Base on Balls
Batting: RHB Manny Moreno 0-0: Ball
1-0: Ball
2-0: Swinging Strike
2-1: Called Strike
2-2: Foul Ball, location: 2F
2-2: Foul Ball, location: 2F
2-2: Strikes out looking
Batting: RHB José Martínez 0-0: Called Strike
0-1: Ball
Dave MacGruder steals 2nd base
1-1: Ball
2-1: Called Strike
2-2: Foul Ball, location: 2F
2-2: Ball
3-2: Strikes out swinging
Batting: RHB Phil Rowlett 0-0: Foul Ball, location: 2F
0-1: Ball
1-1: Ground out 4-3 (Groundball, 34)
Top of the 5th over - 0 runs, 0 hits, 0 errors, 1 left on base; Scottsdale 1 - Kenosha 0
BOTTOM OF THE 5TH
Kenosha Kingfish batting - Pitching for Scottsdale Scorpions : RHP Javier Santos
Batting: LHB Jerry Benjamin 0-0: Ground out 5-3 (Groundball, 56S)
Batting: RHB Jeff Navarro 0-0: Foul Ball, location: 2F
0-1: Swinging Strike
0-2: Strikes out swinging
Batting: RHB Juan Escalante 0-0: Foul Ball, location: 2F
0-1: Ball
1-1: Ground out 4-3 (Groundball, 4)
Bottom of the 5th over - 0 runs, 0 hits, 0 errors, 0 left on base; Scottsdale 1 - Kenosha 0
TOP OF THE 6TH
Scottsdale Scorpions batting - Pitching for Kenosha Kingfish : RHP Raúl Cruz
Batting: LHB Ernesto Hernández 0-0: Ball
1-0: Ball
2-0: Ball
3-0: Called Strike
3-1: Base on Balls
Batting: RHB Randy Banks 0-0: Called Strike
0-1: Ball
1-1: Ball
2-1: Fly out, F3 (Line Drive, 3)
Pitching: RHP Miguel Durán
Batting: RHB Rob Johnston 0-0: Called Strike
0-1: Ball
1-1: Foul Ball, location: 2F
1-2: Strikes out swinging
Batting: RHB Jon Hartley 0-0: Called Strike
0-1: Ball
1-1: Ball
2-1: Fly out, F6 (Popup, P)
Top of the 6th over - 0 runs, 0 hits, 0 errors, 1 left on base; Scottsdale 1 - Kenosha 0
BOTTOM OF THE 6TH
Kenosha Kingfish batting - Pitching for Scottsdale Scorpions : RHP Javier Santos
Batting: RHB Charlie Guzmén 0-0: Called Strike
0-1: Swinging Strike
0-2: Strikes out looking
Batting: RHB Thomas English 0-0: Ball
1-0: Called Strike
1-1: Ground out 5-3 (Groundball, 56S)
Batting: RHB Armando Arellano 0-0: Ball
1-0: Ball
2-0: Ball
3-0: Base on Balls
Batting: LHB Pat Williams 0-0: Ball
1-0: SINGLE (Flyball, 7S)
Armando Arellano to second
Runner from 2nd tries for 3rd, SAFE, no throw
Batting: LHB Juan Rodríguez 0-0: Ball
1-0: Ball
2-0: Fly out, F9 (Flyball, 9D)
Bottom of the 6th over - 0 runs, 1 hit, 0 errors, 2 left on base; Scottsdale 1 - Kenosha 0
TOP OF THE 7TH
Scottsdale Scorpions batting - Pitching for Kenosha Kingfish : RHP Miguel Durán
Batting: RHB Jeff McQueen 0-0: Ball
1-0: Ball
2-0: Ball
3-0: Base on Balls
Pinch Hitting: RHB Dean Oglethorpe 0-0: Ball
1-0: Ball
2-0: Bunted foul
2-1: Bunted foul
2-2: Strikes out swinging
Batting: RHB Manny Moreno 0-0: Ball
1-0: Called Strike
1-1: Swinging Strike
1-2: Ball
2-2: Strikes out swinging
Batting: RHB José Martínez 0-0: Ball
Wild Pitch!
Jeff McQueen to second
1-0: Ball
2-0: Ball
3-0: Base on Balls
Batting: RHB Phil Rowlett 0-0: Foul Ball, location: 2F
0-1: Swinging Strike
0-2: Strikes out swinging
Top of the 7th over - 0 runs, 0 hits, 0 errors, 2 left on base; Scottsdale 1 - Kenosha 0
BOTTOM OF THE 7TH
Kenosha Kingfish batting - Pitching for Scottsdale Scorpions : RHP Javier Santos
Now at 2B: Dean Oglethorpe
Batting: RHB Millard Ferguson 0-0: Ball
1-0: Ball
2-0: Ball
3-0: Base on Balls
Batting: LHB Jerry Benjamin 0-0: Called Strike
0-1: Ball
1-1: Ball
2-1: Foul Ball, location: 2F
2-2: Strikes out looking
Batting: RHB Jeff Navarro 0-0: Foul Ball, location: 2F
0-1: Foul Ball, location: 2F
0-2: Ball
1-2: Ball
2-2: Foul Ball, location: 2F
2-2: Foul Ball, location: 2F
2-2: DOUBLE (Groundball, 5L)
Millard Ferguson to third
Runner from 3rd tries for Home, SAFE, no throw
Pinch Hitting: RHB Mike Martínez 0-0: Intentional Walk
Pinch Hitting: RHB José Matos 0-0: Called Strike
0-1: Fly out, F7 (Flyball, 7)
Pinch Hitting: LHB Harry Davis 0-0: Called Strike
0-1: Ball
1-1: Ball
2-1: Foul Ball, location: 2F
2-2: Fly out, F8 (Flyball, 8LD)
Bottom of the 7th over - 1 run, 1 hit, 0 errors, 2 left on base; Scottsdale 1 - Kenosha 1
TOP OF THE 8TH
Scottsdale Scorpions batting - Pitching for Kenosha Kingfish : RHP Miguel Durán
Pitching: RHP Ángel Casillas
Now at SS: Harry Davis
Now in LF: Mike Martínez
Batting: LHB Ernesto Hernández 0-0: Foul Ball, location: 2F
Now at 1B: José Matos 0-1: Called Strike
0-2: Ground out 4-3 (Groundball, 4)
Batting: RHB Randy Banks 0-0: Ball
1-0: Foul Ball, location: 2F
1-1: Called Strike
1-2: Ball
2-2: Foul Ball, location: 2F
2-2: Strikes out swinging
Pinch Hitting: LHB Ángel De Jesús 0-0: Ball
1-0: Called Strike
1-1: Ground out 1-3 (Groundball, 13S)
Top of the 8th over - 0 runs, 0 hits, 0 errors, 0 left on base; Scottsdale 1 - Kenosha 1
BOTTOM OF THE 8TH
Kenosha Kingfish batting - Pitching for Scottsdale Scorpions : RHP Javier Santos
Pitching: RHP Raúl Alonzo
Now at 3B: Clay Smith
Batting: RHB Armando Arellano 0-0: Called Strike
0-1: Ball
1-1: Ball
2-1: Swinging Strike
2-2: Ball
3-2: Fly out, F8 (Flyball, 8RS)
Batting: LHB Pat Williams 0-0: Called Strike
0-1: Ball
1-1: Foul Ball, location: 2F
1-2: SINGLE (Groundball, 23) (infield hit)
Batting: LHB Juan Rodríguez 0-0: Ball
1-0: Ball
2-0: Called Strike
2-1: Called Strike
2-2: Ball
3-2: Base on Balls
Pat Williams to second
Batting: RHB Millard Ferguson 0-0: Swinging Strike
0-1: Called Strike
0-2: Ball
1-2: Foul Ball, location: 2F
1-2: Foul Ball, location: 2F
1-2: Grounds into double play, 6-4-3 (Groundball, 56D)
Bottom of the 8th over - 0 runs, 1 hit, 0 errors, 1 left on base; Scottsdale 1 - Kenosha 1
TOP OF THE 9TH
Scottsdale Scorpions batting - Pitching for Kenosha Kingfish : RHP Ángel Casillas
Pinch Hitting: LHB Manny Vigil 0-0: Fly out, F4 (Popup, 34S)
Pinch Hitting: LHB Bartolo Baruffaldi 0-0: Foul Ball, location: 2F
0-1: Ball
1-1: Ball
2-1: Swinging Strike
2-2: Ball
3-2: Foul Ball, location: 2F
3-2: Foul Ball, location: 2F
3-2: Foul Ball, location: 2F
3-2: Strikes out swinging
Batting: RHB Dean Oglethorpe 0-0: Ground out 5-3 (Groundball, 56)
Top of the 9th over - 0 runs, 0 hits, 0 errors, 0 left on base; Scottsdale 1 - Kenosha 1
BOTTOM OF THE 9TH
Kenosha Kingfish batting - Pitching for Scottsdale Scorpions : RHP Raúl Alonzo
Pitching: RHP Alberto Sepúlveda
Now at C: Carlos Rosales
Now at 1B: Manny Vigil
Batting: LHB Jerry Benjamin 0-0: Ball
1-0: Called Strike
1-1: Ball
2-1: Swinging Strike
2-2: Strikes out swinging
Batting: RHB Jeff Navarro 0-0: Ball
1-0: Foul Ball, location: 2F
1-1: Ball
2-1: Swinging Strike
2-2: Strikes out looking
Batting: RHB Mike Martínez 0-0: Ball
1-0: Ball
2-0: Ground out 5-3 (Groundball, 56S)
Bottom of the 9th over - 0 runs, 0 hits, 0 errors, 0 left on base; Scottsdale 1 - Kenosha 1
TOP OF THE 10TH
Scottsdale Scorpions batting - Pitching for Kenosha Kingfish : RHP Ángel Casillas
Batting: RHB Manny Moreno 0-0: Called Strike
0-1: Ball
1-1: Ball
2-1: Foul Ball, location: 2F
2-2: Ball
3-2: Fly out, F7 (Flyball, 78S)
Batting: RHB José Martínez 0-0: Swinging Strike
0-1: Foul Ball, location: 2F
0-2: Foul Ball, location: 2F
0-2: Strikes out swinging, 2-3 out at first.
Batting: RHB Phil Rowlett 0-0: Ball
1-0: Fly out, F5 (Flyball, 5D)
Top of the 10th over - 0 runs, 0 hits, 0 errors, 0 left on base; Scottsdale 1 - Kenosha 1
BOTTOM OF THE 10TH
Kenosha Kingfish batting - Pitching for Scottsdale Scorpions : RHP Alberto Sepúlveda
Batting: RHB José Matos 0-0: Called Strike
0-1: Ball
1-1: Ball
2-1: Foul Ball, location: 2F
2-2: Strikes out swinging
Batting: LHB Harry Davis 0-0: Ball
1-0: Swinging Strike
1-1: Ball
2-1: Called Strike
2-2: Ball
3-2: Fly out, F9 (Flyball, 9LS)
Batting: RHB Armando Arellano 0-0: Ball
1-0: Ball
2-0: Called Strike
2-1: Ball
3-1: Called Strike
3-2: Base on Balls
Batting: LHB Pat Williams 0-0: Ball
Armando Arellano steals 2nd base
1-0: Ball
Wild Pitch!
Armando Arellano to third
2-0: Ground out 3-1 (Groundball, 34S)
Bottom of the 10th over - 0 runs, 0 hits, 0 errors, 1 left on base; Scottsdale 1 - Kenosha 1
TOP OF THE 11TH
Scottsdale Scorpions batting - Pitching for Kenosha Kingfish : RHP Ángel Casillas
Batting: LHB Ernesto Hernández 0-0: Ball
1-0: Ball
2-0: Called Strike
2-1: Foul Ball, location: 2F
2-2: Strikes out swinging
Batting: RHB Randy Banks 0-0: Foul Ball, location: 2F
0-1: Ball
1-1: DOUBLE (Groundball, 5L)
Batting: RHB Clay Smith 0-0: Called Strike
0-1: Called Strike
0-2: Ball
1-2: Ball
2-2: Foul Ball, location: 2F
2-2: Foul Ball, location: 2F
2-2: Ball
3-2: Foul Ball, location: 2F
3-2: Fly out, F9 (Flyball, 9)
Batting: LHB Manny Vigil 0-0: Ball
1-0: Called Strike
1-1: Swinging Strike
1-2: Strikes out swinging
Top of the 11th over - 0 runs, 1 hit, 0 errors, 1 left on base; Scottsdale 1 - Kenosha 1
BOTTOM OF THE 11TH
Kenosha Kingfish batting - Pitching for Scottsdale Scorpions : RHP Alberto Sepúlveda
Batting: LHB Juan Rodríguez 0-0: Called Strike
0-1: Called Strike
0-2: Strikes out swinging
Batting: RHB Millard Ferguson 0-0: Ball
1-0: Foul Ball, location: 2F
1-1: Called Strike
1-2: Foul Ball, location: 2F
1-2: Ball
2-2: Foul Ball, location: 2F
2-2: Foul Ball, location: 2F
2-2: Fly out, F8 (Flyball, 8RM)
Batting: LHB Jerry Benjamin 0-0: Called Strike
0-1: Swinging Strike
0-2: Foul Ball, location: 2F
0-2: Ball
1-2: Strikes out swinging
Bottom of the 11th over - 0 runs, 0 hits, 0 errors, 0 left on base; Scottsdale 1 - Kenosha 1
TOP OF THE 12TH
Scottsdale Scorpions batting - Pitching for Kenosha Kingfish : RHP Ángel Casillas
Batting: RHB Carlos Rosales 0-0: Ball
1-0: Swinging Strike
1-1: Ball
2-1: Swinging Strike
2-2: Strikes out swinging
Batting: RHB Dean Oglethorpe 0-0: Called Strike
0-1: Fly out, F7 (Line Drive, 7)
Batting: RHB Manny Moreno 0-0: Ball
1-0: Ball
2-0: Foul Ball, location: 2F
2-1: Swinging Strike
2-2: Foul Ball, location: 2F
2-2: Ball
3-2: Ground out 6-3 (Groundball, 6D)
Top of the 12th over - 0 runs, 0 hits, 0 errors, 0 left on base; Scottsdale 1 - Kenosha 1
BOTTOM OF THE 12TH
Kenosha Kingfish batting - Pitching for Scottsdale Scorpions : RHP Alberto Sepúlveda
Batting: RHB Jeff Navarro 0-0: Called Strike
0-1: Ball
1-1: SINGLE (Groundball, 34D)
Pinch Runner at 1st Dave Watkins:
Batting: RHB Mike Martínez 0-0: Ball
Dave Watkins steals 2nd base
1-0: Intentional Walk
Batting: RHB José Matos 0-0: Called Strike
0-1: Ball
1-1: Foul Ball, location: 2F
1-2: Fly out, F4 (Popup, 34)
Pitching: RHP José Amaya
Batting: LHB Harry Davis 0-0: Ball
1-0: Called Strike
1-1: Swinging Strike
1-2: Strikes out swinging
Batting: RHB Armando Arellano 0-0: Fly out, F7 (Flyball, 7)
Bottom of the 12th over - 0 runs, 1 hit, 0 errors, 2 left on base; Scottsdale 1 - Kenosha 1
TOP OF THE 13TH
Scottsdale Scorpions batting - Pitching for Kenosha Kingfish : RHP Ángel Casillas
Pitching: LHP Howard Sigurdson
Now at C: Fernando Martínez
Batting: RHB José Martínez 0-0: Ball
1-0: Foul Ball, location: 2F
1-1: DOUBLE (Line Drive, 8LD)
Batting: RHB Phil Rowlett 0-0: Intentional Walk
Batting: LHB Ernesto Hernández 0-0: Called Strike
0-1: Ball
1-1: Fly out, F4 (Popup, 4MD)
Batting: RHB Randy Banks 0-0: Called Strike
0-1: Called Strike
José Martínez steals 3rd base
0-2: Ball
1-2: Foul Ball, location: 2F
1-2: Ball
2-2: Grounds into double play, 6-4-3 (Groundball, 6)
Top of the 13th over - 0 runs, 1 hit, 0 errors, 1 left on base; Scottsdale 1 - Kenosha 1
BOTTOM OF THE 13TH
Kenosha Kingfish batting - Pitching for Scottsdale Scorpions : RHP José Amaya
Batting: LHB Pat Williams 0-0: Called Strike
0-1: Ball
1-1: Ball
2-1: Ball
3-1: Called Strike
3-2: Foul Ball, location: 2F
3-2: Foul Ball, location: 2F
3-2: Foul Ball, location: 2F
3-2: DOUBLE (Flyball, 89D)
Batting: LHB Juan Rodríguez 0-0: Ball
1-0: Called Strike
1-1: Called Strike
1-2: Ball
2-2: Strikes out swinging
Batting: RHB Millard Ferguson 0-0: Intentional Walk
Batting: LHB Jerry Benjamin 0-0: Ball
1-0: Called Strike
1-1: Ball
2-1: Ball
3-1: Base on Balls
Pat Williams to third
Millard Ferguson to second
Batting: RHB Fernando Martínez 0-0: Called Strike
0-1: Grounds into fielders choice 6-2 (Groundball, 6)
Millard Ferguson to third
Jerry Benjamin to second
Batting: RHB Mike Martínez 0-0: Called Strike
0-1: Ball
1-1: Called Strike
1-2: Ball
2-2: Ball
3-2: SINGLE (Groundball, 34D)
Millard Ferguson scores
Saturday, April 7th, 2018 - OOTP Baseball 18.8 Build 76